 Dungeon Crawl Stone Soup version 0.22.1-2-g9c5b331 (webtiles) character file.

101386 Fang the Severer (level 16, -4/108 HPs)
             Began as a Gargoyle Berserker on Nov 9, 2018.
             Was the Champion of Trog.
             Slain by Saint Roka
             ... wielding a +4 glaive of protection
              (15 damage)
             ... on level 2 of the Orcish Mines on Nov 12, 2018.
             The game lasted 00:34:45 (20099 turns).

Fang the Severer (Gargoyle Berserker)              Turns: 20099, Time: 00:34:45

Health: -4/108     AC: 41    Str: 27    XL:     16   Next: 30%
Magic:  16/16      EV: 13    Int: 18    God:    Trog [******]
Gold:   2040       SH:  0    Dex: 17    Spells: 15/15 levels left

rFire    . . .     SeeInvis .   j - +5 war axe (flame)
rCold    . . .     Gourm    .   (no shield)
rNeg     + + .     Faith    +   S - +1 plate armour of the Stag {-Cast rN+ Int+6 Dex+2}
rPois    ∞         Spirit   .   y - +2 helmet "Ocuvy" {Regen+ Dex+4 Slay+2 Stlth+}
rElec    +         Reflect  .   (no cloak)
rCorr    .         Harm     .   B - +2 pair of gloves
MR       +....     NoCast   +   P - +2 pair of boots
Stlth    ..........             u - amulet of faith
HPRegen  0.68/turn              b - +3 ring of intelligence
MPRegen  0.15/turn              H - +2 ring of evasion

@: berserk cooldown, flying, slowed, very slow
A: big wings, iridescent scales 1, agile 1, negative energy resistance 1,
electricity resistance, unbreathing, petrification resistance, rot immunity, AC
+12
a: Stop Flying, Berserk, Trog's Hand, Brothers in Arms, Renounce Religion


You were on level 2 of the Orcish Mines.
You worshipped Trog.
Trog was exalted by your worship.
You were near starving.

You visited 4 branches of the dungeon, and saw 24 of its levels.

You collected 2040 gold pieces.

Inventory:

Hand Weapons
 e - a +0 hand axe of electrocution
 j - a +5 war axe of flaming (weapon)
 q - a +0 executioner's axe of chopping
 x - a +4 antimagic executioner's axe
 M - a +1 antimagic battleaxe
 N - a +3 broad axe of freezing
 R - a +8 battleaxe of draining
Armour
 h - the +0 ring mail "Eplifamo" {rElec rF+}
   (You found it on level 11 of the Dungeon)

   It protects you from fire.
   It insulates you from electricity.
 s - the +0 plate armour of the Serpent {rElec rF+ Int+2}
   (You found it on level 3 of the Lair of Beasts)

   It affects your intelligence (+2).
   It protects you from fire.
   It insulates you from electricity.
 y - the +2 helmet "Ocuvy" (worn) {Regen+ Dex+4 Slay+2 Stlth+}
   (You found it on level 7 of the Dungeon)

   It affects your dexterity (+4).
   It affects your accuracy and damage with ranged weapons and melee attacks
   (+2).
   It increases your rate of regeneration.
   It makes you more stealthy.
 A - a +4 plate armour
 B - a +2 pair of gloves (worn)
 P - a +2 pair of boots (worn)
 S - the +1 plate armour of the Stag (worn) {-Cast rN+ Int+6 Dex+2}
   (You found it on level 15 of the Dungeon)

   It affects your intelligence (+6).
   It affects your dexterity (+2).
   It protects you from negative energy.
   It prevents spellcasting.
Jewellery
 b - a +3 ring of intelligence (left hand)
 n - an uncursed ring of resist corrosion
 u - an amulet of faith (around neck)
 H - a +2 ring of evasion (right hand)
Wands
 o - a wand of iceblast (11)
 p - a wand of flame (75)
 r - a wand of scattershot (4)
 w - a wand of random effects (91)
 F - a wand of clouds (9)
 J - a wand of enslavement (10)
 L - a wand of paralysis (28)
Scrolls
 a - 2 scrolls of fog
 g - 8 scrolls of teleportation
 k - 5 scrolls of magic mapping
 l - 7 scrolls of remove curse
 t - 3 scrolls of fear
 C - 8 scrolls of identify
 G - 2 scrolls of brand weapon
Potions
 d - 5 potions of heal wounds
 f - 6 potions of curing
 i - 8 potions of agility
 m - 6 potions of magic
 v - 8 potions of might
 z - 2 potions of haste
 E - 2 potions of resistance
 I - 2 potions of brilliance
 K - a potion of berserk rage {unknown}
 O - a potion of cancellation
Miscellaneous
 Q - a sack of spiders
Comestibles
 c - 35 rations


   Skills:
 + Level 15.5 Fighting
 + Level 17.8 Axes
 + Level 13.0 Armour
 + Level 6.1 Dodging
 + Level 5.2 Stealth


You had 15 spell levels left.
You didn't know any spells.
Your spell library was empty.

Dungeon Overview and Level Annotations

Branches:
Dungeon (15/15)            Temple (1/1) D:6            Lair (6/6) D:9
  Swamp (0/4) Lair:2       Spider (0/4) Lair:3        Slime (0/5) Lair:5
    Orc (2/2) D:12         Vaults (0/5) D:13         Depths (0/5) D:15
    Elf: Orc:2

Altars:
Dithmenos
Elyvilon
Fedhas
Gozag
Makhleb
Okawaru
Trog
Vehumet
Wu Jian
Xom
Yredelemnul
Beogh

Shops:
D:10 %   D:11 [!?*   D:15 *[

Portals:
Ice
Cave: Orc:1

Annotations:
D:9 Prince Ribbit
D:14 exclusion: Roxanne, Roxanne
Lair:1 exclusion: oklob plant
Orc:2 Josephine, Saint Roka


Innate Abilities, Weirdness & Mutations

You are resistant to torment.
Your stone body is resilient. (AC +12)
You are immune to poison.
Your large and strong wings let you fly indefinitely.
You resist negative energy. (rN+)
You are resistant to electric shocks. (rElec)
You can survive without breathing.
You are immune to petrification.
You are immune to rotting.
You are partially covered in iridescent scales. (AC +2)
You are agile. (Dex +2)


Message History

You hear a shout!
Saint Roka roars a battlecry!
The orc warrior goes into a battle-frenzy!
Unknown command.
You slice Saint Roka!! You burn Saint Roka!
Saint Roka is almost dead.
You are no longer berserk.
You are exhausted.
You feel yourself slow down.
Unknown command.
You hit Saint Roka but do no damage.
Saint Roka is almost dead.
The orc warrior shoots a bolt.
The bolt hits you but does no damage.
Saint Roka says, "Down here, you're an orc or you're nobody."
Saint Roka invokes the aid of Beogh against you.
Beogh smites you!
* * * LOW HITPOINT WARNING * * *
A centaur comes into view.
Saint Roka hits you with a glaive of protection!
You die...

.......(^(..#.(.)...#
........(().##..#.##.....
..#...((.....)..## #..
......(((........#.
......)............
......#.#))....#....
........^))...........
..........)†(.........
..........)@...#.#....
..........#)o.$# #
.............#
.............#
...o...........
..##........... .#
........#....
........#c....


You could see Saint Roka, an orc warrior and a centaur.

Vanquished Creatures
  Kirke (Lair:5)
  An orc warlord (Orc:1)
  2 entropy weavers (Lair:6)
  Nessos (Lair:5)
  An ogre mage (D:15)
  Erolcha (D:9)
  A yaktaur captain (D:15)
  4 centaur warriors
  4 hydras
  A death knight (D:15)
  7 two-headed ogres
  A catoblepas (D:15)
  A queen ant (Lair:6)
  13 death yaks
  The ghost of MetaCosm the Ruffian, a novice TrFi (D:8)
  An orc high priest (Orc:1)
  A fire crab (Lair:5)
  2 skeletal warriors (D:15)
  3 unseen horrors
  Pikel (D:8)
  3 orc knights
  A manticore (D:14)
  2 orc sorcerers
  3 cyclopes
  12 ugly things
  4 centaur zombies
  7 black mambas
  Psyche (D:8)
  Maurice (D:8)
  11 elephants
  11 spiny frogs
  A gargoyle (D:14)
  A torpor snail (Lair:6)
  A yaktaur (D:15)
  A kobold demonologist (D:11)
  8 komodo dragons
  An efreet (D:15)
  3 freezing wraiths (D:15)
  2 ice devils (Orc:1)
  A jumping spider (Lair:3)
  6 trolls
  9 hornets
  A jumping spider (shapeshifter) (D:15)
  5 polar bears
  9 slime creatures
  A harpy skeleton (D:15)
  6 blink frogs (Lair:6)
  A wolf spider simulacrum (D:15)
  3 hippogriffs
  3 redbacks (Lair:3)
  A shadow (D:14)
  A vampire (D:7)
  17 spriggans (Lair:6)
  4 wraiths
  4 wyverns
  3 basilisks
  16 humans (D:13)
  47 yaks
  2 hungry ghosts
  A steam dragon (D:10)
  4 vampire mosquitoes
  3 hogs (Lair:5)
  A warg (Orc:1)
  Edmund (D:5)
  14 water moccasins
  7 porcupines
  18 soldier ants (Lair:6)
  24 orc warriors
  A slave (D:8)
  5 ice beasts
  2 sky beasts
  An eye of draining (D:8)
  A phantom (D:9)
  4 black bears
  35 wolves
  19 centaurs
  4 boggarts
  5 ogres
  10 crocodiles
  7 big kobolds (D:15)
  10 bullfrogs
  3 scorpions
  10 wights
  12 killer bees
  9 howler monkeys
  2 electric eels (Lair:2)
  6 crimson imps
  A bullfrog zombie (D:9)
  2 quasits
  6 jellies
  8 hounds
  14 orc priests
  12 orc wizards
  6 centaur skeletons
  5 iguanas
  26 worker ants
  3 hound skeletons
  A worker ant zombie (D:5)
  7 gnolls
  9 adders
  5 shadow imps
  5 oozes
  2 adder skeletons (D:9)
  2 worms
  A dart slug (D:2)
  9 leopard geckos
  43 orcs
  4 bats
  2 giant cockroaches
  9 goblins
  A hobgoblin (D:5)
  8 jackals
  10 kobolds
  7 quokkas
  6 frilled lizards
  A jackal skeleton (D:8)
  A leopard gecko skeleton (D:7)
  2 quokka zombies (D:8)
  6 rats
  A fungus (Lair:2)
  6 plants
712 creatures vanquished.

Vanquished Creatures (collateral kills)
  A two-headed ogre (D:15)
  An orc sorcerer (Orc:2)
  A manticore (D:15)
  A kobold demonologist (D:15)
  3 trolls
  5 orc warriors
  A porcupine (Lair:5)
  3 ogres
  4 centaurs (Orc:2)
  3 orc priests (Orc:2)
  4 orc wizards
  6 orcs
  A plant (Lair:2)
34 creatures vanquished.

Vanquished Creatures (others)
  A quokka (D:15)
  2 butterflies (Lair:5)
  2 fungi
  2 plants (D:15)
7 creatures vanquished.

Grand Total: 753 creatures vanquished

Notes
Turn   | Place    | Note
-------+----------+-------------------------------------------
     0 | D:1      | Fang the Gargoyle Berserker began the quest for the Orb.
     0 | D:1      | Reached XP level 1. HP: 14/14 MP: 1/1
    49 | D:1      | Reached XP level 2. HP: 15/19 MP: 2/2
   158 | D:1      | Reached skill level 3 in Axes
   175 | D:1      | Found an iron altar of Okawaru.
   884 | D:1      | Reached XP level 3. HP: 24/24 MP: 3/3
   997 | D:2      | Reached ** piety under Trog
  1048 | D:2      | Upgraded the game from 0.22.1-1-ga44c0e5 to
                  | 0.22.1-2-g9c5b331
  1168 | D:2      | Found a basalt altar of Yredelemnul.
  1168 | D:2      | Noticed an ice beast
  1169 | D:2      | Found a shadowy altar of Dithmenos.
  1170 | D:2      | Found an opulent altar of Gozag.
  1177 | D:2      | Killed an ice beast
  1177 | D:2      | Reached skill level 4 in Axes
  1177 | D:2      | Reached XP level 4. HP: 29/29 MP: 4/4
  1177 | D:2      | Reached XP level 5. HP: 33/33 MP: 5/5
  1770 | D:3      | Reached XP level 6. HP: 38/39 MP: 6/6
  2761 | D:4      | Found a burning altar of Makhleb.
  2761 | D:4      | Found a shimmering altar of Xom.
  2769 | D:4      | Reached skill level 5 in Axes
  3467 | D:4      | Reached skill level 1 in Stealth
  3861 | D:5      | Entered Level 5 of the Dungeon
  3929 | D:5      | Reached XP level 7. HP: 37/44 MP: 7/7
  3993 | D:5      | Reached *** piety under Trog
  4124 | D:5      | Reached skill level 6 in Axes
  4132 | D:5      | Reached skill level 5 in Fighting
  4187 | D:5      | Noticed Edmund
  4211 | D:5      | Killed Edmund
  4211 | D:5      | Reached XP level 8. HP: 6/49 MP: 8/8
  5110 | D:6      | Reached skill level 7 in Axes
  5515 | D:6      | Found a staircase to the Ecumenical Temple.
  5759 | Temple   | Entered the Ecumenical Temple
  5900 | D:7      | Got a bloodstained helmet
  5906 | D:7      | Identified the +2 helmet "Ocuvy" {Regen+ Dex+4 Slay+2
                  | Stlth+} (You found it on level 7 of the Dungeon)
  5970 | D:7      | Found a radiant altar of Vehumet.
  6080 | D:7      | Noticed a vampire
  6090 | D:7      | Killed a vampire
  6090 | D:7      | Reached skill level 5 in Armour
  6509 | D:7      | Reached XP level 9. HP: 49/55 MP: 9/9
  6722 | D:8      | Reached skill level 8 in Axes
  6801 | D:8      | Noticed Psyche
  6802 | D:8      | Noticed a troll
  6809 | D:8      | Killed a troll
  6810 | D:8      | Killed Psyche
  6856 | D:8      | Noticed Maurice
  6858 | D:8      | Paralysed by Maurice for 7 turns
  6901 | D:8      | Killed Maurice
  6901 | D:8      | Reached skill level 9 in Axes
  6928 | D:8      | Noticed Pikel
  6940 | D:8      | Killed Pikel
  6940 | D:8      | Reached XP level 10. HP: 61/61 MP: 8/10
  6979 | D:8      | Reached **** piety under Trog
  7128 | D:8      | Reached skill level 10 in Axes
  7151 | D:8      | Found a runed door.
  7152 | D:8      | Noticed MetaCosm's ghost (novice TrFi)
  7505 | D:8      | Killed MetaCosm's ghost
  7620 | D:9      | Found a blossoming altar of Fedhas.
  7731 | D:9      | Noticed an elephant
  7741 | D:9      | Killed an elephant
  7741 | D:9      | Reached skill level 11 in Axes
  7792 | D:9      | Noticed Prince Ribbit
  7833 | D:9      | Found a staircase to the Lair.
  7851 | D:9      | Found an opulent altar of Gozag.
  7881 | D:9      | You fall through a shaft for 3 floors!
  7927 | D:12     | Noticed a cyclops
  7935 | D:12     | Killed a cyclops
  7935 | D:12     | Reached XP level 11. HP: 67/67 MP: 11/11
  8299 | D:12     | Reached ***** piety under Trog
  8299 | D:12     | Reached skill level 12 in Axes
  8485 | D:12     | Killed an unseen horror
  8828 | D:12     | Found a staircase to the Orcish Mines.
  9212 | D:11     | Noticed a cyan ugly thing
  9221 | D:11     | Killed a cyan ugly thing
  9318 | D:11     | Found Ziofriwk's Distillery.
  9331 | D:11     | Got a distressingly furry ring mail
  9342 | D:11     | Identified the +0 ring mail "Eplifamo" {rElec rF+} (You
                  | found it on level 11 of the Dungeon)
  9371 | D:11     | Found Wiptum's Magic Scroll Boutique.
  9526 | D:11     | Found Falux's Antique Armour Shoppe.
  9567 | D:11     | Found Pikusiav's Assorted Antiques.
  9611 | D:11     | Noticed a purple ugly thing
  9612 | D:11     | Reached skill level 13 in Axes
  9635 | D:11     | Killed a purple ugly thing
  9635 | D:11     | Reached XP level 12. HP: 60/75 MP: 12/12
  9918 | D:10     | Entered Level 10 of the Dungeon
 10178 | D:10     | Found Atomyg's Food Shoppe.
 10387 | D:10     | Noticed a two-headed ogre
 10398 | D:10     | Killed a two-headed ogre
 10515 | D:10     | Received a gift from Trog
 10769 | D:9      | Noticed Erolcha
 10784 | D:9      | Killed Erolcha
 11189 | Lair:1   | Entered Level 1 of the Lair of Beasts
 11194 | Lair:1   | Noticed a seven-headed hydra
 11202 | Lair:1   | Killed a two-headed hydra
 11225 | Lair:1   | Reached skill level 14 in Axes
 11241 | Lair:1   | Reached skill level 10 in Armour
 11445 | Lair:1   | Reached skill level 5 in Dodging
 11456 | Lair:1   | Noticed a death yak
 11459 | Lair:1   | Noticed a death yak
 11459 | Lair:1   | Noticed a death yak
 11460 | Lair:1   | Noticed a death yak
 11467 | Lair:1   | Killed a death yak
 11467 | Lair:1   | Received a gift from Trog
 11474 | Lair:1   | Killed a death yak
 11474 | Lair:1   | Reached skill level 10 in Fighting
 11474 | Lair:1   | Reached XP level 13. HP: 82/82 MP: 13/13
 12159 | Lair:2   | Gained mutation: You are agile. (Dex +2) [potion of
                  | mutation]
 12159 | Lair:2   | Gained mutation: You are partially covered in iridescent
                  | scales. (AC +2) [potion of mutation]
 12493 | Lair:2   | Reached ****** piety under Trog
 12637 | Lair:2   | Found a staircase to the Swamp.
 12677 | Lair:2   | Reached skill level 15 in Axes
 13147 | Lair:3   | Got a fine plate armour
 13158 | Lair:3   | Identified the cursed +0 plate armour of the Serpent {rElec
                  | rF+ Int+2} (You found it on level 3 of the Lair of Beasts)
 13303 | Lair:3   | Found a hole to the Spider Nest.
 13479 | Lair:3   | Reached skill level 5 in Stealth
 13771 | Lair:4   | Received a gift from Trog
 14218 | Lair:5   | Gained mutation: Your large and strong wings let you fly
                  | indefinitely. [Gargoyle growth]
 14218 | Lair:5   | Reached XP level 14. HP: 90/90 MP: 14/14
 14335 | Lair:5   | Noticed Nessos
 14407 | Lair:5   | Killed Nessos
 14497 | Lair:5   | Noticed Kirke
 14522 | Lair:5   | Killed Kirke
 14522 | Lair:5   | Reached skill level 16 in Axes
 14636 | Lair:5   | Found a staircase to the Slime Pits.
 15252 | Lair:6   | Entered Level 6 of the Lair of Beasts
 15589 | Lair:6   | Received a gift from Trog
 16099 | Lair:6   | Noticed an entropy weaver
 16119 | Lair:6   | Killed an entropy weaver
 16124 | Lair:6   | Reached XP level 15. HP: 99/99 MP: 15/15
 16195 | Lair:6   | Received a gift from Trog
 16519 | Lair:6   | Found the +4 moon troll leather armour {Spirit, Regen++
                  | MP+5}
 17234 | D:13     | Found a gate to the Vaults.
 17268 | D:13     | Reached skill level 17 in Axes
 17269 | D:13     | Received a gift from Trog
 17750 | D:14     | Noticed Roxanne
 18091 | D:15     | Entered Level 15 of the Dungeon
 18091 | D:15     | Found Luxkiwuk's Armour Shoppe.
 18270 | D:15     | Received a gift from Trog
 18486 | D:15     | Got a distressingly furry plate armour
 18497 | D:15     | Identified the cursed +1 plate armour of the Stag {-Cast
                  | rN+ Int+6 Dex+2} (You found it on level 15 of the Dungeon)
 18522 | D:15     | Found a white marble altar of Elyvilon.
 18574 | D:15     | Found a staircase to the Depths.
 18859 | D:15     | Found Hoixain's Assorted Antiques.
 18875 | D:15     | Reached XP level 16. HP: 98/107 MP: 16/16
 18875 | D:15     | Paralysed by an ogre mage for 5 turns
 18885 | D:15     | Reached skill level 15 in Fighting
 18923 | D:15     | Received a gift from Trog
 19388 | Orc:1    | Entered Level 1 of the Orcish Mines
 19435 | Orc:1    | Found a roughly hewn altar of Beogh.
 19450 | Orc:1    | Found a frozen archway.
 19839 | Orc:1    | Found a roughly hewn altar of Beogh.
 19985 | Orc:2    | Entered Level 2 of the Orcish Mines
 19987 | Orc:2    | Noticed Saint Roka
 19992 | Orc:2    | Noticed Josephine
 19997 | Orc:2    | Found a bloodstained altar of Trog.
 20018 | Orc:2    | Received a gift from Trog
 20099 | Orc:2    | Slain by Saint Roka

Skill      XL: |  1  2  3  4  5  6  7  8  9 10 11 12 13 14 15 16 |
---------------+-------------------------------------------------+-----
Axes           | 3 4 5 6 7 9 11 13 14 15 16 17 | 17.8
Fighting       | 4 5 6 7 8 10 11 13 14 15 | 15.5
Dodging        | 2 3 5 6 |  6.1
Armour         | 3 4 5 7 8 9 10 11 12 13 | 13.0
Stealth        | 1 2 3 5 |  5.2

Action                   |  1- 3 |  4- 6 |  7- 9 | 10-12 | 13-15 | 16-18 || total
-------------------------+-------+-------+-------+-------+-------+-------++-------
Melee: Hand axe          |    88 |     8 |       |       |       |       ||    96
       War axe           |       |   127 |   205 |   584 |  1017 |   152 ||  2085
Invok: Berserk           |     1 |       |     3 |    10 |     8 |     3 ||    25
       Brothers in Arms  |       |       |       |       |     2 |     6 ||     8
 Abil: Fly               |       |       |       |       |     1 |       ||     1
  Use: Scroll            |       |       |       |       |    33 |     3 ||    36
       Potion            |       |       |       |       |     1 |     1 ||     2
 Stab: Sleeping          |       |       |       |     2 |     4 |       ||     6
  Eat: Chunk             |     1 |    10 |    12 |    25 |    29 |     5 ||    82
       Ration            |       |       |       |     1 |     1 |     1 ||     3
Armor: Animal skin       |    22 |       |       |       |       |       ||    22
       Scale mail        |    16 |    56 |   107 |       |       |       ||   179
       Plate armour      |       |       |    48 |   187 |   610 |   114 ||   959
       Ring mail         |       |       |       |   113 |    39 |       ||   152
Dodge: Dodged            |    54 |    90 |   115 |   294 |   562 |   102 ||  1217
